 Dungeon Sprint DCSS version 0.05-5-g1455f61281 (webtiles) character file.

Game seed: 8404175852380951665, levelgen mode: deterministic

4830 diana the Geomancer (level 10, -22/78 HPs) Octopode Earth Elementalist. Began on May 27, 2021. Was the Champion of Vehumet. Annihilated by a kael (28 damage) ... summoned by the player character ... in the Dungeon (Sprint V: "Ziggurat Sprint"). The game lasted 00:13:26 (777 turns).

diana the Geomancer (Octopode Earth Elementalist)    Turns: 777, Time: 00:13:26

Health: -22/78     AC:  6    Str: 18    XL:     10 ^: 2327
Magic:  22/25      EV: 19    Int: 30    God:    Vehumet [6* [200]]
Gold:   0          SH:  0    Dex: 28    Spells: 7/31 levels left

rFire    + + .     Vision   +   C - +7 great mace "Firestarter" {inner flame, rF++}
rCold    . . .     Gourm    .   N - +4 menacing staff of earth
rNeg     . . .     Faith    .   (helmet restricted)
rPois    .         Spirit   .   (no amulet)
rElec    +         Reflect  .   s - ring of dexterity
rCorr    .         Harm     .   t - ring of dexterity
MR       .....     NoTele   +   u - ring of intelligence
Stlth    +++++.....             v - ring of intelligence
HPRegen  0.36/turn              w - ring of strength
MPRegen  0.35/turn              x - ring of strength
                                J - ring of dexterity
                                P - ring "Sotifeub" {Wiz rElec +Vis}

@: no status effects
A: almost no armour, stealthy swim, gelatinous body, amphibious, 8 rings,
constrict 8, camouflage 1, AC +1
a: Renounce Religion


You were in the Dungeon.
You worshipped Vehumet.
Vehumet was exalted by your worship.
You were very hungry.

You visited 1 branch

Inventory:

Weapons
 C - the +7 great mace "Firestarter" (weapon) {inner flame, rF++}
   (You found it in the Dungeon)

   Its malleable surface is completely molten, allowing it to meld around and
   partially ignore armour.
   Causes less base damage than a standard weapon; but partially ignores enemy's
   defense and burns causing additional damage to those that don't resist heat.
   It greatly protects you from fire.
 M - the +4 dagger "Morg" {pain, MR+ Int+5}
   (You found it in the Dungeon)

   In the hands of one skilled in necromantic magic, it inflicts extra damage on
   living creatures.
   It affects your intelligence (+5).
   It affects your resistance to hostile enchantments.
Magical Staves
 B - the +6 Majin-Bo {vampiric, corrupt archmagi; MP+6 Int+6}
   (You found it in the Dungeon)

   [staff of ]

   Base accuracy: +5 Base damage: 5 Base attack delay: 1.2 This weapon's minimum
   attack delay (0.6) is reached at skill level 12.
   The minimum and maximum damage of damaging spells cast with this staff are
   significantly increased.
   It falls into the 'Staves' category.
   It is one handed.
   Its enchantment grants additive spellpower to the spells it enhances.
 H - a +4 wizard's staff of transmutation
 N - a +4 menacing staff of earth (weapon)
Jewellery
 s - a ring of dexterity (left tentacle)
 t - a ring of dexterity (right tentacle)
 u - a ring of intelligence (on tentacle)
 v - a ring of intelligence (on tentacle)
 w - a ring of strength (on tentacle)
 x - a ring of strength (on tentacle)
 J - a ring of dexterity (on tentacle)
 K - an uncursed ring of positive energy
 O - the ring of Obauga {Fire rElec Str+4}
   (You found it in the Dungeon)

   [ring of fire]

   It enhances your fire magic.
   It affects your strength (+4).
   It protects you from fire.
   It makes you vulnerable to cold.
   It insulates you from electricity.
 P - the ring "Sotifeub" (on tentacle) {Wiz rElec +Vis}
   (You found it in the Dungeon)

   [ring of wizardry]

   It improves your spell success rate.
   It insulates you from electricity.
   It improves your vision.
Wands
 y - a wand of disintegration (7)
 z - a wand of iceblast (7)
 A - a wand of acid (7)
 F - a wand of polymorph (2)
Scrolls
 h - 4 scrolls of blinking
 n - 4 scrolls of amnesia
 o - 7 scrolls of fog
 p - a scroll of holy word
 q - 5 scrolls of bless item
 r - 2 scrolls of fear
Potions
 a - 2 potions of brilliance
 c - 10 potions of curing
 d - 8 potions of heal wounds
 e - 6 potions of haste
 f - 7 potions of magic
 g - 3 potions of berserk rage
 i - 2 potions of invisibility
 j - 4 potions of resistance
 l - 5 potions of agility
 m - 6 potions of might
Miscellaneous
 k - a lamp of fire
 D - a lightning rod (4/4)
 E - a crystal ball of energy
 G - a fan of gales
 I - a phial of floods
 L - a box of beasts
 R - a sack of spiders
Comestibles
 b - 7 rations


   Skills:
 + Level 11.0 Fighting
 + Level 11.0 Maces & Staves
 - Level 10.0 Dodging
 - Level 2.6 Stealth
 + Level 11.3 Spellcasting
 - Level 5.2 Summonings
 - Level 1.1 Transmutations
 + Level 11.5 Earth Magic
 - Level 10.5 Evocations


You had 7 spell levels left.
You knew the following spells:

 Your Spells              Type           Power        Failure   Level  Hunger
a - Sandblast             Erth           50 (50)      1%          1    None
b - Lee's Rapid Deconstr  Erth           104 (200)    1%          5    ##.....
c - Stone Arrow           Erth           50 (50)      1%          3    None
d - Summon Forest         Summ/Erth      91 (200)     1%          5    ##.....
e - Iron Shot             Erth           104 (200)    1%          6    #####..
f - Petrify               Tmut/Erth      82 (100)     1%          4    None

Your spell library contained the following spells:

 Spells                   Type           Power        Failure   Level  Hunger
 Flame Tongue             Fire           16 (30)      1%          1    None
 Foxfire                  Fire           16 (25)      1%          1    None
 Freeze                   Ice            16 (25)      1%          1    None
 Summon Butterflies       Summ           48 (100)     1%          1    None
 Blink                    Tloc           N/A          1%          2    None
 Corpse Rot               Tmut/Necr      N/A          1%          2    None
 Passwall                 Tmut/Erth      82 (120)     1%          2    None
 Shroud of Golubria       Chrm/Tloc      16 (200)     1%          2    None
 Throw Frost              Ice            16 (50)      1%          2    None
 Static Discharge         Air            16 (100)     1%          3    None
 Force Lasso              Tloc/Erth      79 (200)     1%          4    None
 Methodical Deconstructi  Erth           104 (200)    1%          5    ##.....
 Force Lance              Tloc/Air       16 (200)     3%          4    None
 Apportation              Tloc           16 (50)      4%          3    None
 Teleport Other           Hex/Tloc       16 (100)     4%          3    None
 Tukima's Dance           Hex            16 (100)     4%          3    None
 Yara's Violent Unravell  Hex/Tmut       20 (200)     8%          5    ##.....
 Fireball                 Fire           16 (200)     10%         5    ##.....
 Lightning Bolt           Air            16 (200)     10%         5    ##.....
 Cause Fear               Hex            16 (200)     12%         4    None
 Passage of Golubria      Tloc           N/A          12%         4    None
 Summon Hydra Mount       Summ           48 (200)     22%         6    #####..
 Silence                  Hex/Air        16 (200)     32%         5    ##.....
 Eringya's Noxious Bog    Tmut/Pois      20 (200)     34%         6    #####..
 Bolt of Fire             Fire           16 (200)     41%         6    #####..
 Deflect Missiles         Chrm/Air       16 (200)     86%         6    #####..
 Invisibility             Chrm           16 (100)     86%         6    #####..
 Iskenderun's Icy Sphere  Ice            16 (200)     88%         7    ######.
 Dragon Form              Tmut           23 (200)     99%         7    ######.
 Shatter                  Erth           104 (200)    89%         9    #######
 Discord                  Hex            16 (200)     100%        8    #######
 Ignition                 Fire           16 (200)     100%        8    #######
 Dragon's Call            Summ           48 (200)     100%        9    #######
 Tornado                  Air            16 (200)     100%        9    #######


Dungeon Overview and Level Annotations

Branches:
Dungeon (1/1)

Altars:
Ashenzari
Cheibriados
Dithmenos
Elyvilon
Fedhas Madash
Gozag Ym Sagoz
Hepliaklqana
Kikubaaqudgha
Makhleb
Nemelex Xobeh
Okawaru
Qazlal
Ru
Sif Muna
Trog
Uskayaw
Vehumet
Wu Jian
Xom
Yredelemnul
Zin
The Shining One Bahamut & Tiamat
Beogh
Jiyva
Lugonu

Annotations:
D 1 transporter


Innate Abilities, Weirdness & Mutations

You cannot wear most types of armour.
You are very stealthy in the water. (Stealth+)
Your gelatinous body helps endure attacks. (AC+1 EV+1)
Your is resilient. (AC +1)
You are amphibious.
You can wear up to eight rings at the same time.
You can use your tentacles to constrict three enemies at once.
Your skin changes colour to match your surroundings (Stealth++).


Message History

The merfolk closely misses you (0).
The kael is engulfed in blazing flames (19)!!
The kael barely misses you (0).
The cyclops is engulfed in blazing flames (17)!
The cyclops reads a scroll.
The +0 mangonel glows red for a moment.
Okay, then.
Casting: Iron Shot (safe; 1% risk of failure)
Confirm with . or Enter, or press ? or * to list all spells.
Aiming: Stone Arrow (safe; 1% risk of failure)
Press: ? - help, Shift-Dir - straight line, f - centaur, p - merfolk
Aim: a centaur, wielding a +0 shortbow and carrying a +6 staff of fire (almost dead (3/25))
You feel a surge of power!
The stone arrow hits the centaur (16)!
You kill the centaur!
Vehumet accepts your kill.
You feel your power returning. A tree reaches out and hits you (10)!
* * * LOW HITPOINT WARNING * * *
The merfolk misses you (0).
The kael is engulfed in blazing flames (16)!
The kael rakes you (28)!!
You die...

▓▓▓▓▓▓▓▓▓▓▓▓▓▓▓▓▓▓▓
▓..%8©8...▓
▓..)|.=|..▓
▓%..=!.}..▓
▓.........▓
▓%%..C....▓
▓....m.♣.)▓
▓..§CR♣†.%▓
▓.▓§§m@.▓.▓
▓...§§....▓
▓▓▓▓▓▓▓▓▓▓▓


You could see a kael, 2 merfolk and 2 cyclopes.

Vanquished Creatures
  A mummy priest (D)
  A deep elf mage (D)
  A naga mage (D)
  2 black mambas (D)
  A jumping spider (D)
  A merfolk (D)
  2 hippogriffs (D)
  A flying skull (D)
  A fire elemental (D)
  A tarantella (D)
  A hell hound (D)
  3 water moccasins (D)
  3 scorpions (D)
  3 phantoms (D)
  2 centaurs (D)
  2 mummies (D)
  2 iguanas (D)
  A shadow imp (D)
  An adder (D)
  2 sewer rats (D)
  A giant cockroach zombie (D)
  2 adder skeletons (D)
  A bat skeleton (D)
  A bat zombie (D)
  A leopard gecko zombie (D)
38 creatures vanquished.

Vanquished Creatures (collateral kills)
  An orc sorcerer (D)
  2 deep elf magi (D)
  2 nagas (D)
  A fire elemental (D)
  2 adders (D)
  4 ball pythons (D)
12 creatures vanquished.

Vanquished Creatures (others)
  A spatial maelstrom (D)
  A snaplasher vine (D)
2 creatures vanquished.

Grand Total: 52 creatures vanquished

Notes
Turn   | Place    | Note
-------+----------+-------------------------------------------
     0 | D        | diana the Octopode Earth Elementalist began the quest for
                  | the Orb.
     0 | D        | Reached XP level 1. HP: 11/11 MP: 3/3
     0 | D        | Found a shimmering blue altar of Sif Muna.
     0 | D        | Found a sacrificial altar of Ru.
     0 | D        | Found a bloodstained altar of Trog.
     0 | D        | Found a stormy altar of Qazlal.
     0 | D        | Found an iron altar of Okawaru.
     0 | D        | Found a sparkling altar of Nemelex Xobeh.
     0 | D        | Found a blossoming altar of Fedhas.
     1 | D        | Found the +6 Majin-Bo {vampiric, corrupt archmagi; MP+6
                  | Int+6}
     1 | D        | Found the +9 ballista "Sniper" {velocity, Acc+∞ +Vis}
     1 | D        | Found the +10 dark maul {crush}
     1 | D        | Found the +15 Maxwell's patent armour {-Cast -Tele rElec
                  | MR+ rCorr}
     1 | D        | Found the +18 shield of the Gong {rElec rN+ MR+ EV-5}
     1 | D        | Found the +14 obsidian axe {chop, +Fly +Vis Soulbond}
     1 | D        | Found the +7 great mace "Firestarter" {inner flame, rF++}
     1 | D        | Found the +6 shillelagh "Devastator" {shatter}
     1 | D        | Found the +11 plutonium sword {*Contam Stlth-}
     1 | D        | Found the +8 lance "Wyrmbane" {slay drac, rPois rF+ rC+
                  | AC+3}
     1 | D        | Found the +9 sword of Zonguldrok {reap}
     1 | D        | Found the +13 scythe of Curses {drain, Soulbond}
     1 | D        | Found the +0 sword of Power
     1 | D        | Found the +7 mace of Variability {chain chaos}
     1 | D        | Found the +7 Singing Sword {slice, sonic wave}
     1 | D        | Found the +8 storm bow {elec, penet}
     2 | D        | Found a transporter.
     2 | D        | Found an ancient bone altar of Kikubaaqudgha.
     2 | D        | Found a viscous altar of Jiyva.
     2 | D        | Found a corrupted altar of Lugonu.
     2 | D        | Found a hazy altar of Hepliaklqana.
     2 | D        | Found a burning altar of Makhleb.
     2 | D        | Found an opulent altar of Gozag.
     8 | D        | Banished a spatial maelstrom
    51 | D        | Became a worshipper of Vehumet
    75 | D        | Entered arena 2.
    75 | D        | Noticed a phantom
    75 | D        | Noticed a phantom
    75 | D        | Found a transporter.
    76 | D        | Reached XP level 2. HP: 20/20 MP: 4/7
    80 | D        | Killed a phantom
    80 | D        | Reached skill level 5 in Dodging
    80 | D        | Reached skill level 5 in Spellcasting
    80 | D        | Reached skill level 5 in Earth Magic
    80 | D        | Reached XP level 3. HP: 18/27 MP: 4/9
    80 | D        | Reached XP level 4. HP: 22/33 MP: 4/11
    80 | D        | Killed a phantom
    80 | D        | Reached skill level 5 in Fighting
    80 | D        | Reached skill level 5 in Maces & Staves
    80 | D        | Reached skill level 5 in Evocations
    80 | D        | Reached XP level 5. HP: 26/39 MP: 4/13
   144 | D        | Learned a level 5 spell: Lee's Rapid Deconstruction
   150 | D        | Learned a level 3 spell: Stone Arrow
   160 | D        | Entered arena 3.
   160 | D        | Noticed a phantom
   160 | D        | Found a transporter.
   161 | D        | Reached * piety under Vehumet
   161 | D        | Offered knowledge of Freeze by Vehumet.
   163 | D        | Killed a phantom
   163 | D        | Reached XP level 6. HP: 46/46 MP: 5/15
   218 | D        | Entered arena 4.
   218 | D        | Found a transporter.
   220 | D        | Offered knowledge of Foxfire by Vehumet.
   220 | D        | Reached ** piety under Vehumet
   224 | D        | Offered knowledge of Throw Frost by Vehumet.
   270 | D        | Entered arena 5.
   270 | D        | Noticed a hell hound
   270 | D        | Found a transporter.
   271 | D        | Reached *** piety under Vehumet
   272 | D        | Killed a hell hound
   272 | D        | Offered knowledge of Static Discharge by Vehumet.
   272 | D        | Reached XP level 7. HP: 50/53 MP: 11/17
   302 | D        | Entered arena 6.
   302 | D        | Noticed a jumping spider
   302 | D        | Noticed a tarantella
   302 | D        | Found a transporter.
   303 | D        | Found the +2 Maxwell's thermic engine {molten, freeze}
   305 | D        | Killed a tarantella
   305 | D        | Reached **** piety under Vehumet
   305 | D        | Offered knowledge of Force Lance by Vehumet.
   307 | D        | Reached XP level 8. HP: 31/60 MP: 16/20
   308 | D        | Killed a jumping spider
   309 | D        | Reached ***** piety under Vehumet
   309 | D        | Offered knowledge of Force Lasso by Vehumet.
   447 | D        | Entered arena 7.
   447 | D        | Noticed a mummy priest
   448 | D        | Found the +4 dagger "Morg" {pain, MR+ Int+5}
   450 | D        | Noticed a flayed ghost
   450 | D        | Noticed a flayed ghost
   450 | D        | Found a transporter.
   452 | D        | Noticed an ice devil
   454 | D        | Killed a mummy priest
   454 | D        | Reached XP level 9. HP: 49/68 MP: 9/22
   494 | D        | Learned a level 5 spell: Summon Forest
   569 | D        | Entered arena 8.
   569 | D        | Noticed a deep elf mage
   569 | D        | Noticed a deep elf mage
   569 | D        | Noticed an orc sorcerer
   569 | D        | Noticed a deep elf mage
   573 | D        | Reached skill level 10 in Earth Magic
   574 | D        | Killed an orc sorcerer
   574 | D        | Offered knowledge of Iron Shot by Vehumet.
   574 | D        | Reached skill level 1 in Summonings
   575 | D        | Killed a deep elf mage
   575 | D        | Reached ****** piety under Vehumet
   575 | D        | Reached skill level 10 in Dodging
   575 | D        | Reached skill level 10 in Spellcasting
   576 | D        | Killed a deep elf mage
   579 | D        | Killed a deep elf mage
   579 | D        | Reached skill level 10 in Fighting
   579 | D        | Reached skill level 10 in Evocations
   580 | D        | Found a transporter.
   594 | D        | Got the ring of Obauga {Fire rElec Str+4}
   647 | D        | Learned a level 6 spell: Iron Shot
   662 | D        | Entered arena 9.
   662 | D        | Noticed a black mamba
   662 | D        | Noticed a naga mage
   665 | D        | Killed a naga mage
   665 | D        | Reached skill level 10 in Maces & Staves
   665 | D        | Reached XP level 10. HP: 76/76 MP: 14/24
   667 | D        | Offered knowledge of Fireball by Vehumet.
   668 | D        | Killed a black mamba
   670 | D        | Found a transporter.
   679 | D        | Got the ring "Sotifeub" {Wiz rElec +Vis}
   706 | D        | Entered arena 10.
   706 | D        | Noticed a black mamba
   712 | D        | Killed a black mamba
   712 | D        | Offered knowledge of Iskenderun's Icy Sphere by Vehumet.
   712 | D        | Reached skill level 5 in Summonings
   713 | D        | Found a transporter.
   750 | D        | Learned a level 4 spell: Petrify
   765 | D        | Entered arena 11.
   773 | D        | Found a transporter.
   777 | D        | Annihilated by a kael

Levels and vault maps discovered:
D:        sprint_v [room_start, room_1, room_2, room_3, room_4, room_5, room_6,
          room_7, room_8, room_9, room_10, room_11, room_12, room_13, room_14,
          room_15, room_16, room_17, room_18, room_19, room_20, room_21,
          room_22, room_23, room_24, room_25, room_26, room_27]

Skill      XL: |  1  2  3  4  5  6  7  8  9 10 |
---------------+-------------------------------+-----
Fighting       | 2 4 5 6 7 9 10 11 | 11.0
Maces & Staves | 3 4 5 6 7 9 10 11 | 11.0
Dodging        | 4 5 6 7 8 9 10 | 10.0
Spellcasting   | 4 5 6 7 8 9 10 11 | 11.3
Earth Magic    | 4 5 6 7 8 9 10 11 | 11.5
Evocations     | 2 4 5 6 7 9 10 | 10.5
Summonings     | 3 5 |  5.2
Stealth        | |  2.6
Transmutations | |  1.1

Action                   |  1- 3 |  4- 6 |  7- 9 | 10-12 || total
-------------------------+-------+-------+-------+-------++-------
Melee: Great mace        |       |       |     5 |     4 ||     9
       Staff             |       |       |       |     1 ||     1
 Cast: Lee's Rapid Decon |       |     3 |     2 |       ||     5
       Sandblast         |       |     3 |       |       ||     3
       Stone Arrow       |       |     2 |    13 |     3 ||    18
       Summon Forest     |       |       |     2 |     2 ||     4
       Iron Shot         |       |       |       |     6 ||     6
       Petrify           |       |       |       |     1 ||     1
Evoke: Lightning rod     |     3 |     1 |     1 |       ||     5
  Use: Potion            |     1 |       |       |     2 ||     3
  Eat: Chunk             |       |       |       |     1 ||     1
Armor: Skin              |       |       |       |     2 ||     2
Dodge: Dodged            |       |       |    13 |    15 ||    28
